 Dungeon Crawl Stone Soup version 0.31.0 (webtiles) character file.

Game seed: 14011241296376046337

11165 qw the Skirmisher (level 11, -2/71 HPs)
             Began as a Gargoyle Hunter on Jan 19, 2024.
             Was an Elder of Okawaru.
             Slain by an orc warrior
             ... wielding a +0 glaive
              (18 damage)
             ... on level 11 of the Dungeon.
             The game lasted 00:01:33 (11225 turns).

qw the Skirmisher (Gargoyle Hunter)                Turns: 11225, Time: 00:01:33

Health: -2/71      AC:  4    Str: 15    XL:     11   Next: 73%
Magic:  11/16      EV: 13    Int: 10    God:    Okawaru [****..]
Gold:   215        SH:  0    Dex: 17    Spells: 10/10 levels left

rFire   . . .        k - +2 orcbow
rCold   . . .        (shield currently unavailable)
rNeg    + . .        o - +0 troll leather armour
rPois   inf          e - +0 helmet
rElec   +            b - +2 cloak
rCorr   .            t - +0 pair of gloves
SInv    .            j - +2 pair of boots
Will    +....        (no amulet)
Stlth   ++           a - ring of willpower
HPRegen 1.11/turn    r - +4 ring of protection
MPRegen 0.15/turn

%: no passive effects
@: finesse-ful, corroded
A: sickness immunity, AC +8, negative energy resistance 1, electricity
resistance, torment resistance 1, petrification resistance
a: Renounce Religion, Heroism, Finesse


You were on level 11 of the Dungeon.
You worshipped Okawaru.
Okawaru was greatly pleased with you.
You visited 2 branches of the dungeon, and saw 12 of its levels.

You collected 1043 gold pieces.
You spent 828 gold pieces at shops.


Innate Abilities, Weirdness & Mutations

You are immune to sickness and miasma.
Your stone body is resilient. (AC +8)
You are immune to poison.
You resist negative energy. (rN+)
You are resistant to electric shocks. (rElec)
You are resistant to unholy torment.
You are immune to petrification.


   Skills:
 + Level 9.5 Fighting
 - Level 14.0 Ranged Weapons
 - Level 4.1 Armour
 - Level 4.0 Dodging
 - Level 1.1 Stealth
 + Level 7.3 Invocations


You had 10 spell levels left.
You didn't know any spells.
Your spell library was empty.

Inventory:

Hand Weapons
 k - a +2 orcbow (weapon)
Armour
 b - a +2 cloak (worn)
 e - a +0 helmet (worn)
 j - a +2 pair of boots (worn)
 o - a +0 troll leather armour (worn)
 t - a +0 pair of gloves (worn)
Jewellery
 a - a ring of willpower (left hand)
 m - a ring of ice
 r - a +4 ring of protection (right hand)
Wands
 c - a wand of digging (4)
 d - a wand of mindburst (8)
 g - a wand of iceblast (3)
 p - a wand of polymorph (7)
Potions
 f - a potion of enlightenment
 h - 2 potions of heal wounds
 i - a potion of magic
 u - a potion of curing
 v - 2 potions of haste
 w - 3 potions of mutation
 x - a potion of might

Dungeon Overview and Level Annotations

Branches:
Dungeon (11/15)            Temple (1/1) D:7            Lair (0/5) D:11
    Orc: D:9-12

Altars:
Ashenzari
Cheibriados
Dithmenos
Elyvilon
Fedhas
Gozag
Hepliaklqana
Kikubaaqudgha
Makhleb
Nemelex Xobeh
Okawaru
Qazlal
Ru
Sif Muna
Trog
Uskayaw
Vehumet
Wu Jian
Xom
Yredelemnul
Zin
The Shining One
Jiyva

Shops:
D:4 =(?(   D:9 :   D:10 !   D:11 (

Annotations:
D:3 1 runed translucent door, Crazy Yiuf
D:5 2 transporters
D:11 Amaemon


Message History

The orc closely misses you.
The orc warrior hits you but does no damage.
The orc priest shouts!
The orc shouts!
You shoot an arrow.
The arrow hits the orc warrior but does no damage.
An orc warrior comes into view. It is wielding a +0 short sword.
A gnoll comes into view.
It is wielding a +0 club and quivering a throwing net.
The orc warrior hits you with a +0 hand axe.
The orc warrior hits you from afar with a +0 glaive.
The orc hits you but does no damage.
11221 ||| INVOKING Finesse.
You can now deal lightning-fast blows.
The orc warrior closely misses you.
A gnoll sergeant comes into view. It is wielding a +0 spear of venom.
The orc misses you.
The orc warrior hits you with a +0 hand axe.
The orc hits you with a +0 hand axe. The orc hits you with a +0 mace.
You shoot an arrow. The arrow hits the orc warrior.
The orc warrior is moderately wounded.
The orc priest barely misses you. The orc completely misses you.
The orc warrior hits you with a +0 hand axe!
The orc barely misses you. The orc warrior completely misses you.
The orc completely misses you.
You shoot an arrow.
The arrow hits the orc warrior but does no damage.
The orc warrior is moderately wounded.
You shoot an arrow.
The arrow hits the orc warrior but does no damage.
The orc warrior is moderately wounded.
You shoot an arrow.
The arrow hits the orc warrior but does no damage.
The orc warrior is moderately wounded.
The orc priest calls down the wrath of Beogh upon you.
You easily resist.
The gnoll hits you from afar with a +0 spear.
The orc barely misses you.
The orc warrior hits you with a +0 hand axe.
The orc barely misses you.
The orc warrior hits you from afar with a +0 glaive!!
You die...

# #.# ..# .# #
## ## # ##.
##.###.## .
#...#...#...#..
#...o.o..g.....
+....oooog.og..
#.....o@oog.gg.
#...#...#oo.#o.
# ##8## .## ##
#


You could see 4 orc warriors, a gnoll sergeant, 2 orc priests, an orc wizard, 5
gnolls and 6 orcs.

Vanquished Creatures
  3 death yaks (D:11)
  Lodul (D:10)
  3 skeletal warriors (D:11)
  An orange demon (D:11)
  A gargoyle (D:11)
  2 unseen horrors
  4 trolls
  A hornet (D:10)
  2 shadows
  A wyvern (D:9)
  3 yaks (D:10)
  A wraith (D:10)
  2 steam dragons
  An acid dragon (D:10)
  6 orc warriors
  An ice beast (D:7)
  2 black bears
  A sky beast (D:8)
  9 ogres
  4 centaurs
  A phantom (D:7)
  2 bullfrogs
  2 kobold brigands
  3 scorpions
  3 wights (D:6)
  A howler monkey (D:4)
  A vampire bat (D:6)
  2 bombardier beetles (D:7)
  3 hounds (D:5)
  2 jellies (D:5)
  7 orc priests
  A gnoll bouda (D:7)
  Jessica (D:2)
  2 iguanas (D:5)
  9 orc wizards
  8 gnolls
  4 adders
  2 shadow imps
  2 white imps (D:7)
  6 ufetubi
  A dart slug (D:2)
  3 ribbon worms
  31 orcs
  5 bats
  3 bat skeletons (D:6)
  2 bat zombies (D:6)
  2 endoplasms
  4 giant cockroaches
  10 hobgoblins
  3 jackals (D:3)
  5 quokkas
  11 ball pythons
  9 frilled lizards
  8 goblins
  16 kobolds
  10 rats
234 creatures vanquished.

Vanquished Creatures (others)
  An orc wizard (D:9)
1 creature vanquished.

Grand Total: 235 creatures vanquished

Notes
Turn   | Place    | Note
-------+----------+-------------------------------------------
     0 | D:1      | qw the Gargoyle Hunter began the quest for the Orb.
     0 | D:1      | Reached XP level 1. HP: 12/12 MP: 1/1
     0 | D:1      | 0 ||| qw: Version: 0.3-a-132-g3d54051
     0 | D:1      | 0 ||| qw: Game counter: 294
     0 | D:1      | 0 ||| qw: Melee chars always use a shield: true
     0 | D:1      | 0 ||| qw: God list: Okawaru
     0 | D:1      | 0 ||| qw: Allow faded altars: false
     0 | D:1      | 0 ||| qw: Do Orc after clearing Dungeon:15 true
     0 | D:1      | 0 ||| qw: Do second Lair branch before Depths: true
     0 | D:1      | 0 ||| qw: Lair rune preference: random
     0 | D:1      | 0 ||| qw: Goals: Normal
     0 | D:1      | 0 ||| PLANNING D:1-11
   116 | D:1      | Reached XP level 2. HP: 17/17 MP: 2/2
   471 | D:1      | Reached XP level 3. HP: 21/21 MP: 3/3
   493 | D:1      | Reached skill level 5 in Ranged Weapons
   830 | D:1      | 830 ||| UPGRADING to +0 ring mail.
   840 | D:1      | 840 ||| DROPPING +0 leather armour.
   841 | D:1      | 841 ||| UPGRADING to +0 pair of boots.
   846 | D:1      | 846 ||| READING 2 scrolls labelled ZOFOEZ ETA.
   846 | D:1      | 846 ||| ENCHANTING +0 pair of boots.
   847 | D:1      | 847 ||| READING scroll of enchant armour.
   847 | D:1      | 847 ||| ENCHANTING +1 pair of boots.
   848 | D:1      | 848 ||| READING scroll labelled INWAOTIUSIC.
   849 | D:1      | 849 ||| READING scroll labelled CUBOTI QIOMM.
   850 | D:1      | 850 ||| READING scroll labelled HIACUSHIET.
   850 | D:1      | 850 ||| ENCHANTING +0 shortbow.
   851 | D:1      | 851 ||| DROPPING scroll of butterflies.
  1016 | D:2      | Reached skill level 1 in Armour
  1130 | D:2      | Noticed Jessica
  1139 | D:2      | Killed Jessica
  1140 | D:2      | Reached skill level 3 in Fighting
  1140 | D:2      | Reached XP level 4. HP: 10/28 MP: 4/4
  1140 | D:2      | 1140 ||| FLEEEEING.
  1226 | D:2      | Identified the +1 leather armour "Luofuaz" {Int+6}
  1411 | D:2      | 1411 ||| FLEEEEING.
  1418 | D:2      | HP: 4/28 [something/magic dart (4)]
  1422 | D:2      | 1422 ||| FLEEEEING.
  1433 | D:2      | 1433 ||| FLEEEEING.
  1440 | D:2      | 1440 ||| STAIRDANCE
  1515 | D:1      | 1515 ||| UPGRADING to +1 cloak.
  1520 | D:1      | 1520 ||| UPGRADING to +1 leather armour "Luofuaz" {Int+6}.
  1530 | D:1      | 1530 ||| DROPPING +0 ring mail.
  1531 | D:1      | 1531 ||| READING 2 scrolls labelled DIKEAFR UBREM.
  1534 | D:1      | 1534 ||| READING 3 scrolls labelled MAOTIK WIZ.
  1534 | D:1      | 1534 ||| IDENTIFYING 2 golden potions
  1535 | D:1      | 1535 ||| READING 2 scrolls of identify.
  1535 | D:1      | 1535 ||| IDENTIFYING scroll labelled DISMUSTROZI
  1536 | D:1      | 1536 ||| READING scroll of identify.
  1536 | D:1      | 1536 ||| IDENTIFYING scroll labelled UHERUU BOWKOGA
  1537 | D:1      | 1537 ||| DROPPING scroll of noise.
  1538 | D:1      | 1538 ||| DROPPING scroll of revelation.
  1650 | D:3      | You fall into a shaft and drop 2 floors!
  1650 | D:5      | Entered Level 5 of the Dungeon
  1667 | D:5      | Reached XP level 5. HP: 32/32 MP: 5/5
  1685 | D:5      | Reached skill level 6 in Ranged Weapons
  1770 | D:5      | 1770 ||| FLEEEEING.
  1772 | D:5      | 1772 ||| FLEEEEING.
  1775 | D:5      | 1775 ||| FLEEEEING.
  1776 | D:5      | 1776 ||| FLEEEEING.
  1777 | D:5      | 1777 ||| FLEEEEING.
  1778 | D:5      | 1778 ||| STAIRDANCE
  1780 | D:4      | Found Ubieji Xaib's Magic Scroll Shoppe.
  1786 | D:4      | 1786 ||| STAIRDANCE
  2164 | D:3      | Found a burning altar of Makhleb.
  2497 | D:3      | Found a runed translucent door.
  2498 | D:3      | Noticed Crazy Yiuf
  2607 | D:4      | Found Ceni's Weapon Emporium.
  2613 | D:4      | Reached XP level 6. HP: 38/38 MP: 6/6
  2631 | D:4      | 2631 ||| BUYING scroll of enchant armour (90 gold).
  2631 | D:4      | Bought a scroll of enchant armour for 90 gold pieces
  2631 | D:4      | 2631 ||| SHOPLISTING scroll of enchant armour (90 gold,
                  | have 25).
  2631 | D:4      | 2631 ||| SHOPLISTING scroll of enchant weapon (90 gold,
                  | have 25).
  2631 | D:4      | 2631 ||| BUYING scroll of identify (24 gold).
  2631 | D:4      | Bought a scroll of identify for 24 gold pieces
  2631 | D:4      | 2631 ||| SHOPLISTING scroll of teleportation (36 gold, have
                  | 1).
  2631 | D:4      | 2631 ||| READING scroll of enchant armour.
  2631 | D:4      | 2631 ||| ENCHANTING +1 cloak.
  2646 | D:4      | Found a shimmering altar of Xom.
  2647 | D:4      | Found a shimmering altar of Xom.
  2648 | D:4      | Found a shimmering altar of Xom.
  2648 | D:4      | Found a shimmering altar of Xom.
  2651 | D:4      | Found a shimmering altar of Xom.
  2652 | D:4      | Found a shimmering altar of Xom.
  2652 | D:4      | Found a shimmering altar of Xom.
  2652 | D:4      | Found a shimmering altar of Xom.
  2653 | D:4      | 2653 ||| UPGRADING to +0 helmet.
  2721 | D:4      | 2721 ||| FLEEEEING.
  2822 | D:4      | 2822 ||| READING 2 scrolls of identify.
  2822 | D:4      | 2822 ||| IDENTIFYING scroll labelled QOIRRU DUSOTT
  2869 | D:4      | Reached skill level 7 in Ranged Weapons
  2920 | D:4      | Found Ypill's Jewellery Boutique.
  2928 | D:4      | 2928 ||| SHOPLISTING +6 ring of dexterity (360 gold, have
                  | 28).
  2928 | D:4      | 2928 ||| SHOPLISTING amulet of reflection (300 gold, have
                  | 28).
  2928 | D:4      | 2928 ||| SHOPLISTING ring of ice (250 gold, have 28).
  2928 | D:4      | 2928 ||| SHOPLISTING ring of positive energy (200 gold,
                  | have 28).
  2928 | D:4      | 2928 ||| SHOPLISTING ring of resist corrosion (200 gold,
                  | have 28).
  2928 | D:4      | 2928 ||| SHOPLISTING ring of see invisible (150 gold, have
                  | 28).
  2938 | D:4      | Found a white marble altar of Elyvilon.
  3093 | D:4      | Found Ynotol's Weapon Shop.
  3132 | D:4      | Found a broken altar of Ashenzari.
  3167 | D:4      | 3167 ||| READING scroll of identify.
  3167 | D:4      | 3167 ||| IDENTIFYING grey potion
  3168 | D:4      | 3168 ||| DROPPING scroll of poison.
  3169 | D:4      | 3169 ||| DROPPING potion of lignification.
  3195 | D:5      | 3195 ||| STAIRDANCE
  3201 | D:5      | 3201 ||| STAIRDANCE
  3210 | D:4      | Reached XP level 7. HP: 34/43 MP: 7/7
  3212 | D:4      | 3212 ||| FLEEEEING.
  3219 | D:4      | 3219 ||| STAIRDANCE
  3450 | D:5      | 3450 ||| STAIRDANCE
  3456 | D:5      | 3456 ||| STAIRDANCE
  3458 | D:4      | 3458 ||| FLEEEEING.
  3465 | D:4      | 3465 ||| STAIRDANCE
  3714 | D:5      | 3714 ||| STAIRDANCE
  3724 | D:4      | 3724 ||| FLEEEEING.
  3731 | D:4      | 3731 ||| STAIRDANCE
  4091 | D:5      | Found a transporter.
  4111 | D:5      | 4111 ||| RETREEEEATING.
  4112 | D:5      | 4112 ||| RETREEEEATING.
  4113 | D:5      | 4113 ||| RETREEEEATING.
  4129 | D:5      | HP: 9/43 [iguana (7)]
  4130 | D:5      | 4130 ||| READING scroll of teleportation.
  4131 | D:5      | 4131 ||| DRINKING 2 potions of heal wounds.
  4134 | D:5      | 4134 ||| FLEEEEING.
  4259 | D:5      | 4259 ||| FLEEEEING.
  4391 | D:5      | Found a transporter.
  4637 | D:5      | Reached skill level 8 in Ranged Weapons
  4637 | D:5      | 4637 ||| FLEEEEING.
  4720 | D:5      | 4720 ||| DRINKING 2 pink potions.
  4724 | D:6      | 4724 ||| STAIRDANCE
  4726 | D:5      | 4726 ||| FLEEEEING.
  4858 | D:6      | 4858 ||| RETREEEEATING.
  4859 | D:6      | 4859 ||| RETREEEEATING.
  4860 | D:6      | 4860 ||| RETREEEEATING.
  4861 | D:6      | 4861 ||| RETREEEEATING.
  4862 | D:6      | 4862 ||| RETREEEEATING.
  4864 | D:6      | 4864 ||| RETREEEEATING.
  4865 | D:6      | 4865 ||| RETREEEEATING.
  4866 | D:6      | 4866 ||| RETREEEEATING.
  4867 | D:6      | 4867 ||| RETREEEEATING.
  4868 | D:6      | 4868 ||| RETREEEEATING.
  4869 | D:6      | 4869 ||| RETREEEEATING.
  4870 | D:6      | 4870 ||| RETREEEEATING.
  4871 | D:6      | 4871 ||| RETREEEEATING.
  4872 | D:6      | 4872 ||| RETREEEEATING.
  4873 | D:6      | 4873 ||| STAIRDANCE
  4883 | D:5      | 4883 ||| FLEEEEING.
  4973 | D:6      | 4973 ||| STAIRDANCE
  4981 | D:5      | 4981 ||| FLEEEEING.
  5027 | D:6      | 5027 ||| STAIRDANCE
  5035 | D:5      | 5035 ||| FLEEEEING.
  5090 | D:6      | 5090 ||| STAIRDANCE
  5092 | D:5      | 5092 ||| FLEEEEING.
  5132 | D:6      | 5132 ||| STAIRDANCE
  5132 | D:6      | HP: 1/44 [orc warrior/arrow (13)]
  5134 | D:5      | 5134 ||| FLEEEEING.
  5302 | D:6      | 5302 ||| STAIRDANCE
  5312 | D:5      | Reached XP level 8. HP: 39/49 MP: 8/8
  5312 | D:5      | 5312 ||| FLEEEEING.
  5356 | D:5      | 5356 ||| SWAPPING to +0 orcbow.
  5357 | D:5      | 5357 ||| DROPPING +1 shortbow.
  5361 | D:6      | 5361 ||| STAIRDANCE
  5363 | D:5      | 5363 ||| FLEEEEING.
  5411 | D:6      | 5411 ||| STAIRDANCE
  5413 | D:5      | 5413 ||| FLEEEEING.
  5466 | D:6      | 5466 ||| STAIRDANCE
  5477 | D:6      | 5477 ||| STAIRDANCE
  5488 | D:5      | 5488 ||| FLEEEEING.
  5499 | D:5      | 5499 ||| FLEEEEING.
  5507 | D:5      | 5507 ||| STAIRDANCE
  5509 | D:5      | 5509 ||| DRINKING puce potion.
  5517 | D:5      | 5517 ||| STAIRDANCE
  5520 | D:4      | 5520 ||| FLEEEEING.
  5637 | D:4      | 5637 ||| UPGRADING to ring of willpower.
  5664 | D:6      | 5664 ||| STAIRDANCE
  5666 | D:5      | 5666 ||| FLEEEEING.
  5731 | D:6      | Reached skill level 9 in Ranged Weapons
  5789 | D:6      | 5789 ||| FLEEEEING.
  5808 | D:6      | Reached skill level 6 in Fighting
  6076 | D:6      | Found a shadowy altar of Dithmenos.
  6408 | D:6      | Found an ancient bone altar of Kikubaaqudgha.
  6438 | D:6      | 6438 ||| READING scroll labelled QAMYTO EFOSAOHIR.
  6439 | D:6      | 6439 ||| READING scroll labelled IFAOS RUERAVORR.
  6508 | D:7      | Reached skill level 10 in Ranged Weapons
  6514 | D:7      | 6514 ||| FLEEEEING.
  6516 | D:7      | 6516 ||| STAIRDANCE
  6573 | D:7      | 6573 ||| Stepping ~*~*~tactically~*~*~ (cloud).
  6574 | D:7      | 6574 ||| Stepping ~*~*~tactically~*~*~ (cloud).
  6584 | D:7      | Reached XP level 9. HP: 31/56 MP: 9/9
  6597 | D:7      | 6597 ||| FLEEEEING.
  6601 | D:7      | 6601 ||| STAIRDANCE
  6604 | D:6      | 6604 ||| STAIRDANCE
  6865 | D:7      | Found a staircase to the Ecumenical Temple.
  6866 | D:7      | 6866 ||| PLANNING TEMPLE
  6871 | Temple   | Entered the Ecumenical Temple
  6872 | Temple   | 6872 ||| PLANNING OKAWARU WORSHIP
  6884 | Temple   | Became a worshipper of Warmaster Okawaru
  6885 | Temple   | 6885 ||| PLANNING D:1-11
  6952 | D:7      | Reached skill level 3 in Dodging
  7016 | D:7      | 7016 ||| FLEEEEING.
  7209 | D:7      | 7209 ||| READING scroll of enchant weapon.
  7209 | D:7      | 7209 ||| ENCHANTING +0 orcbow.
  7221 | D:7      | 7221 ||| READING scroll of enchant weapon.
  7221 | D:7      | 7221 ||| ENCHANTING +1 orcbow.
  7243 | D:7      | 7243 ||| FLEEEEING.
  7254 | D:7      | 7254 ||| FLEEEEING.
  7265 | D:7      | 7265 ||| FLEEEEING.
  7397 | D:7      | 7397 ||| FLEEEEING.
  7493 | D:7      | 7493 ||| READING scroll labelled OHESHR EFUEPP.
  7654 | D:8      | Reached * piety under Okawaru
  7689 | D:8      | Reached skill level 11 in Ranged Weapons
  7732 | D:8      | Reached skill level 1 in Invocations
  7762 | D:8      | Reached skill level 3 in Armour
  7764 | D:8      | 7764 ||| FLEEEEING.
  7775 | D:8      | 7775 ||| FLEEEEING.
  7820 | D:8      | Found an opulent altar of Gozag.
  8153 | D:8      | 8153 ||| Stepping ~*~*~tactically~*~*~ (cloud).
  8158 | D:8      | 8158 ||| FLEEEEING.
  8160 | D:8      | 8160 ||| STAIRDANCE
  8166 | D:7      | 8166 ||| STAIRDANCE
  8197 | D:6      | 8197 ||| UPGRADING to +0 pair of gloves.
  8202 | D:6      | 8202 ||| DROPPING amulet of guardian spirit.
  8203 | D:6      | 8203 ||| READING 3 scrolls of identify.
  8203 | D:6      | 8203 ||| IDENTIFYING bubbling clear potion
  8204 | D:6      | 8204 ||| READING 2 scrolls of identify.
  8204 | D:6      | 8204 ||| IDENTIFYING white potion
  8205 | D:6      | 8205 ||| READING scroll of identify.
  8205 | D:6      | 8205 ||| IDENTIFYING metallic purple potion
  8206 | D:6      | 8206 ||| READING scroll labelled VOKLA YVYMO.
  8207 | D:6      | 8207 ||| DROPPING potion of invisibility.
  8208 | D:6      | 8208 ||| DROPPING potion of berserk rage.
  8209 | D:6      | 8209 ||| DROPPING potion of degeneration.
  8221 | D:8      | 8221 ||| STAIRDANCE
  8223 | D:7      | 8223 ||| FLEEEEING.
  8227 | D:7      | 8227 ||| STAIRDANCE
  8342 | D:8      | 8342 ||| UPGRADING to +0 steam dragon scales.
  8352 | D:8      | 8352 ||| DROPPING +1 leather armour "Luofuaz" {Int+6}.
  8395 | D:9      | Reached skill level 3 in Invocations
  8431 | D:9      | Found a stormy altar of Qazlal.
  8491 | D:9      | 8491 ||| READING scroll of enchant armour.
  8491 | D:9      | 8491 ||| ENCHANTING +0 steam dragon scales.
  8582 | D:9      | Found a glowing golden altar of the Shining One.
  8597 | D:9      | Found a hide-covered altar of Uskayaw.
  8643 | D:9      | Noticed a troll
  8644 | D:9      | 8644 ||| INVOKING Heroism.
  8649 | D:9      | Killed a troll
  8701 | D:9      | Found Igo Cucost's Book Shop.
  8721 | D:9      | Reached XP level 10. HP: 64/64 MP: 13/13
  8742 | D:9      | Reached ** piety under Okawaru
  8743 | D:9      | 8743 ||| FLEEEEING.
  8806 | D:9      | Identified the +8 trident of Jagostru {flame, +Blink rF+
                  | Will++ Dex-4}
  9080 | D:9      | 9080 ||| UPGRADING to +0 troll leather armour.
  9090 | D:9      | 9090 ||| DROPPING +1 steam dragon scales.
  9091 | D:9      | 9091 ||| DROPPING +6 ring of intelligence.
  9092 | D:9      | 9092 ||| UPGRADING to +4 ring of protection.
  9093 | D:9      | 9093 ||| READING scroll labelled WIKENLIRIE.
  9094 | D:9      | 9094 ||| FLEEEEING.
  9226 | D:10     | Entered Level 10 of the Dungeon
  9239 | D:10     | Found a radiant altar of Vehumet.
  9365 | D:10     | Found Hifuss's Distillery.
  9524 | D:10     | 9524 ||| FLEEEEING.
  9599 | D:10     | Reached skill level 12 in Ranged Weapons
  9660 | D:10     | Noticed Lodul
  9661 | D:10     | 9661 ||| INVOKING Heroism.
  9663 | D:10     | 9663 ||| RETREEEEATING.
  9692 | D:10     | 9692 ||| RETREEEEATING.
  9693 | D:10     | 9693 ||| RETREEEEATING.
  9694 | D:10     | 9694 ||| RETREEEEATING.
  9695 | D:10     | 9695 ||| RETREEEEATING.
  9696 | D:10     | 9696 ||| RETREEEEATING.
  9697 | D:10     | 9697 ||| RETREEEEATING.
  9698 | D:10     | 9698 ||| RETREEEEATING.
  9699 | D:10     | 9699 ||| RETREEEEATING.
  9700 | D:10     | 9700 ||| RETREEEEATING.
  9701 | D:10     | 9701 ||| RETREEEEATING.
  9702 | D:10     | 9702 ||| RETREEEEATING.
  9703 | D:10     | 9703 ||| RETREEEEATING.
  9704 | D:10     | 9704 ||| RETREEEEATING.
  9705 | D:10     | 9705 ||| INVOKING Heroism.
  9721 | D:10     | Killed Lodul
  9721 | D:10     | Reached *** piety under Okawaru
  9781 | D:10     | 9781 ||| FLEEEEING.
  9978 | D:10     | Reached **** piety under Okawaru
 10140 | D:10     | 10140 ||| INVOKING Finesse.
 10141 | D:10     | 10141 ||| INVOKING Finesse.
 10143 | D:10     | Reached skill level 13 in Ranged Weapons
 10224 | D:10     | 10224 ||| BUYING 2 potions of cancellation (224 gold).
 10224 | D:10     | Bought 2 potions of cancellation for 224 gold pieces
 10224 | D:10     | 10224 ||| BUYING 2 potions of mutation (224 gold).
 10224 | D:10     | Bought 2 potions of mutation for 224 gold pieces
 10224 | D:10     | 10224 ||| BUYING potion of haste (140 gold).
 10224 | D:10     | Bought a potion of haste for 140 gold pieces
 10224 | D:10     | 10224 ||| BUYING potion of heal wounds (70 gold).
 10224 | D:10     | Bought a potion of heal wounds for 70 gold pieces
 10224 | D:10     | 10224 ||| BUYING potion of might (56 gold).
 10224 | D:10     | Bought a potion of might for 56 gold pieces
 10340 | D:10     | 10340 ||| READING scroll of identify.
 10340 | D:10     | 10340 ||| IDENTIFYING bubbling white potion
 10341 | D:10     | 10341 ||| DRINKING 2 bubbling pink potions.
 10387 | D:11     | 10387 ||| STAIRDANCE
 10389 | D:10     | 10389 ||| FLEEEEING.
 10443 | D:11     | Found a staircase to the Lair.
 10446 | D:11     | Noticed a death yak
 10447 | D:11     | 10447 ||| RETREEEEATING.
 10448 | D:11     | 10448 ||| INVOKING Finesse.
 10448 | D:11     | Noticed a death yak
 10451 | D:11     | Noticed a death yak
 10452 | D:11     | 10452 ||| RETREEEEATING.
 10469 | D:11     | Killed a death yak
 10470 | D:11     | Reached skill level 9 in Fighting
 10470 | D:11     | Reached XP level 11. HP: 35/71 MP: 9/14
 10470 | D:11     | 10470 ||| FLEEEEING.
 10479 | D:11     | Killed a death yak
 10489 | D:11     | 10489 ||| FLEEEEING.
 10490 | D:11     | 10490 ||| FLEEEEING.
 10491 | D:11     | 10491 ||| FLEEEEING.
 10492 | D:11     | 10492 ||| FLEEEEING.
 10493 | D:11     | 10493 ||| FLEEEEING.
 10494 | D:11     | 10494 ||| FLEEEEING.
 10495 | D:11     | 10495 ||| FLEEEEING.
 10496 | D:11     | 10496 ||| FLEEEEING.
 10497 | D:11     | 10497 ||| FLEEEEING.
 10498 | D:11     | 10498 ||| FLEEEEING.
 10499 | D:11     | 10499 ||| FLEEEEING.
 10500 | D:11     | 10500 ||| FLEEEEING.
 10501 | D:11     | 10501 ||| FLEEEEING.
 10502 | D:11     | 10502 ||| FLEEEEING.
 10503 | D:11     | 10503 ||| STAIRDANCE
 10513 | D:10     | 10513 ||| FLEEEEING.
 10524 | D:10     | 10524 ||| FLEEEEING.
 10550 | D:10     | 10550 ||| FLEEEEING.
 10564 | D:10     | 10564 ||| FLEEEEING.
 10607 | D:11     | 10607 ||| RETREEEEATING.
 10608 | D:11     | 10608 ||| RETREEEEATING.
 10609 | D:11     | 10609 ||| RETREEEEATING.
 10612 | D:11     | 10612 ||| RETREEEEATING.
 10612 | D:11     | HP: 17/71 [death yak (20)]
 10613 | D:11     | 10613 ||| READING 3 scrolls of teleportation.
 10614 | D:11     | 10614 ||| DRINKING 4 potions of heal wounds.
 10616 | D:11     | 10616 ||| DRINKING 3 potions of heal wounds.
 10699 | D:11     | 10699 ||| FLEEEEING.
 10699 | D:11     | Found Wuzaoxt's Antique Weapon Shoppe.
 10701 | D:11     | 10701 ||| FLEEEEING.
 10747 | D:11     | 10747 ||| INVOKING Finesse.
 10766 | D:11     | Killed a death yak
 10766 | D:11     | Reached ***** piety under Okawaru
 10853 | D:11     | Noticed a skeletal warrior
 10853 | D:11     | Noticed a skeletal warrior
 10854 | D:11     | 10854 ||| INVOKING Finesse.
 10892 | D:11     | HP: 16/71 [skeletal warrior/+0 hand axe (6)]
 10893 | D:11     | 10893 ||| READING 2 scrolls of teleportation.
 10894 | D:11     | 10894 ||| DRINKING 3 potions of heal wounds.
 10895 | D:11     | Killed a skeletal warrior
 10896 | D:11     | Reached skill level 6 in Invocations
 10921 | D:11     | Killed a skeletal warrior
 10950 | D:11     | Noticed a skeletal warrior
 10951 | D:11     | 10951 ||| INVOKING Finesse.
 10982 | D:11     | Killed a skeletal warrior
 11009 | D:11     | 11009 ||| FLEEEEING.
 11015 | D:11     | 11015 ||| STAIRDANCE
 11027 | D:10     | 11027 ||| READING scroll of identify.
 11027 | D:10     | 11027 ||| IDENTIFYING 2 green potions
 11028 | D:10     | 11028 ||| DROPPING 2 potions of attraction.
 11104 | D:11     | Reached skill level 14 in Ranged Weapons
 11104 | D:11     | 11104 ||| FLEEEEING.
 11145 | D:11     | Noticed Amaemon
 11146 | D:11     | 11146 ||| INVOKING Finesse.
 11175 | D:11     | 11175 ||| DRINKING 3 potions of cancellation.
 11185 | D:11     | 11185 ||| DRINKING 2 potions of cancellation.
 11186 | D:11     | 11186 ||| RETREEEEATING.
 11187 | D:11     | 11187 ||| RETREEEEATING.
 11188 | D:11     | 11188 ||| DRINKING potion of cancellation.
 11189 | D:11     | 11189 ||| RETREEEEATING.
 11190 | D:11     | 11190 ||| RETREEEEATING.
 11191 | D:11     | 11191 ||| RETREEEEATING.
 11192 | D:11     | 11192 ||| RETREEEEATING.
 11193 | D:11     | 11193 ||| RETREEEEATING.
 11194 | D:11     | 11194 ||| RETREEEEATING.
 11195 | D:11     | 11195 ||| RETREEEEATING.
 11196 | D:11     | 11196 ||| RETREEEEATING.
 11199 | D:11     | 11199 ||| RETREEEEATING.
 11201 | D:11     | 11201 ||| RETREEEEATING.
 11202 | D:11     | 11202 ||| RETREEEEATING.
 11203 | D:11     | 11203 ||| RETREEEEATING.
 11204 | D:11     | 11204 ||| RETREEEEATING.
 11205 | D:11     | 11205 ||| RETREEEEATING.
 11206 | D:11     | 11206 ||| RETREEEEATING.
 11207 | D:11     | 11207 ||| RETREEEEATING.
 11208 | D:11     | 11208 ||| RETREEEEATING.
 11216 | D:11     | 11216 ||| READING scroll of teleportation.
 11221 | D:11     | 11221 ||| INVOKING Finesse.
 11225 | D:11     | HP: 17/71 [gnoll/+0 spear[a gnoll sergeant] (4)]
 11225 | D:11     | Slain by an orc warrior

Levels and vault maps discovered:
D:1:      heliophobic_arrival_enchanted_forest, layout_loops_corners,
          minmay_misc_feat_diagonals
D:2:      layout_basic, chequers_serial_rivers_micro_c, minmay_tall_x,
          uniq_jessica
D:3:      layout_basic, lemuel_doored_altar, uniq_crazy_yiuf_cottage
D:4:      layout_basic, mainiacjoe_overflow_concentric_impassable,
          xom_redecorated, ashenzari_altar_1, serial_shops, shop,
          nicolae_shop_peninsula, shop, nicolae_shop_tiny_glass
D:5:      layout_basic, gammafunk_ghost_stat_death
D:6:      layout_rooms, kennysheep_vampire_church, grunt_dithmenos_smoke
D:7:      layout_loops_ring, minmay_temple_entry_grid, minmay_quadrilaterals
D:8:      layout_gridville, nicolae_overflow_crystal_walls
D:9:      layout_irregular_city, mainiacjoe_overflow_six_doors_small,
          mainiacjoe_overflow_swirl, serial_shops, shop
D:10:     layout_irregular_city, mainiacjoe_overflow_alcove_2,
          nicolae_inconvenience_store, serial_library_hellmonk_long_bookcase,
          kennysheep_generic_room_14, uniq_lodul
D:11:     layout_rooms, dpeg_lair_monsters, david_orc_4, serial_shops, shop,
          minmay_misc_feat_iff, nicolae_neqoxec_dot_bat, uniq_amaemon
Temple:   pf_slime_end_temple

Skill      XL: |  1  2  3  4  5  6  7  8  9 10 11 |
---------------+----------------------------------+-----
Ranged Weapons | 5 6 7 8 10 11 13 14 | 14.0
Armour         | 1 2 4 |  4.1
Fighting       | 3 4 5 6 7 9 |  9.5
Dodging        | 2 3 4 |  4.0
Invocations    | 4 7 |  7.3
Stealth        | |  1.1

Action                     |  1- 3 |  4- 6 |  7- 9 | 10-12 || total
---------------------------+-------+-------+-------+-------++-------
  Melee: Orcbow            |       |       |     2 |       ||     2
   Fire: Shortbow          |    95 |   190 |   147 |       ||   432
         Orcbow            |       |       |   331 |   469 ||   800
 Invoke: Heroism           |       |       |     1 |     2 ||     3
         Finesse           |       |       |       |     7 ||     7
    Use: Scroll            |     5 |     7 |    11 |     6 ||    29
         Potion            |       |       |     3 |     7 ||    10
 Armour: Leather armour    |     9 |    66 |   408 |       ||   483
         Ring mail         |    16 |    13 |       |       ||    29
         Steam dragon scal |       |       |     3 |     3 ||     6
         Troll leather arm |       |       |       |   283 ||   283
  Dodge: Dodged            |    18 |    54 |   279 |   133 ||   484

Table legend:
 A = Non-vault XP
 B = Vault XP
 C = Vault XP percentage of total XP
 D = Non-vault monster count
 E = Vault monster count
 F = Vault count percentage of total count
                 A         B        C        D         E       F
            +---------+---------+-------+---------+---------+-------
      Total |   10824 |    5126 |  32.1 |     203 |      32 |  13.6
            +---------+---------+-------+---------+---------+-------
        D:1 |      48 |       0 |   0.0 |      33 |       0 |   0.0
        D:2 |      63 |      43 |  40.6 |      12 |       5 |  29.4
        D:3 |      58 |       0 |   0.0 |      24 |       0 |   0.0
        D:4 |     415 |       0 |   0.0 |      23 |       0 |   0.0
        D:5 |     710 |       0 |   0.0 |      27 |       0 |   0.0
        D:6 |     708 |      67 |   8.6 |      10 |       6 |  37.5
        D:7 |     879 |     318 |  26.6 |      26 |       5 |  16.1
        D:8 |     811 |       0 |   0.0 |      14 |       0 |   0.0
        D:9 |     880 |       0 |   0.0 |       7 |       0 |   0.0
       D:10 |    2157 |    1848 |  46.1 |      12 |      10 |  45.5
       D:11 |    4095 |    2850 |  41.0 |      15 |       6 |  28.6
            +---------+---------+-------+---------+---------+-------
